| TOP OF THE 1ST |
|
Hamilton Ross Rams batting - Pitching for Redlands East Valley Wildcats : RHP Dave Trevino
|
|
Pitching: RHP Dave Trevino
|
|
|
Batting: RHB Giovonni Melis
|
0-0: Swinging Strike 0-1: Foul Ball, location: 2F 0-2: Ground out 6-3 (Groundball, 6, EV 85.6 MPH)
|
|
Batting: RHB C.J. Fleet
|
0-0: Ground out 6-3 (Groundball, 6, EV 95.0 MPH)
|
|
Batting: RHB Burke Miller
|
0-0: Foul Ball, location: 2F 0-1: Swinging Strike 0-2: Foul Ball, location: 2F 0-2: Strikes out swinging
|
| Top of the 1st over - 0 runs, 0 hits, 0 errors, 0 left on base; Hamilton Ross 0 - Redlands East Valley 0 |
| BOTTOM OF THE 1ST |
|
Redlands East Valley Wildcats batting - Pitching for Hamilton Ross Rams : RHP Raymilson La Arena
|
|
Pitching: RHP Raymilson La Arena
|
|
|
Batting: LHB Steve Lane
|
0-0: Ball 1-0: Fly out, F6 (Popup, 6, EV 72.5 MPH)
|
|
Batting: SHB Jonathan Jacob
|
0-0: Foul Ball, location: 2F 0-1: Foul Ball, location: 2F 0-2: Ball 1-2: Ball 2-2: Foul Ball, location: 2F 2-2: Ball 3-2: Fly out, F8 (Flyball, 8RD, EV 96.2 MPH)
|
|
Batting: RHB Justin Thomas
|
0-0: Called Strike 0-1: Foul Ball, location: 2F 0-2: Foul Ball, location: 2F 0-2: Foul Ball, location: 2F 0-2: Fly out, F9 (Flyball, 9, EV 91.2 MPH)
|
| Bottom of the 1st over - 0 runs, 0 hits, 0 errors, 0 left on base; Hamilton Ross 0 - Redlands East Valley 0 |
| TOP OF THE 2ND |
|
Hamilton Ross Rams batting - Pitching for Redlands East Valley Wildcats : RHP Dave Trevino
|
|
Batting: RHB Chun-hak Ahn
|
0-0: Foul Ball, location: 2F 0-1: Swinging Strike 0-2: Ball 1-2: Foul Ball, location: 2F 1-2: Foul Ball, location: 2F 1-2: Strikes out looking
|
|
Batting: LHB Addergoole Kartosuwiryo
|
0-0: Ball 1-0: Ball 2-0: Swinging Strike 2-1: Foul Ball, location: 2F 2-2: Ball 3-2: Fly out, F5 (Line Drive, 5L, EV 71.2 MPH)
|
|
Batting: RHB Christian Leschak
|
0-0: Ball 1-0: Ball 2-0: Swinging Strike 2-1: Foul Ball, location: 2F 2-2: Ball 3-2: Foul Ball, location: 2F 3-2: Base on Balls
|
|
Batting: RHB Drew Morgenstern
|
0-0: Ball 1-0: Ball 2-0: Ball 3-0: Called Strike 3-1: Foul Ball, location: 2F 3-2: Strikes out looking
|
| Top of the 2nd over - 0 runs, 0 hits, 0 errors, 1 left on base; Hamilton Ross 0 - Redlands East Valley 0 |
| BOTTOM OF THE 2ND |
|
Redlands East Valley Wildcats batting - Pitching for Hamilton Ross Rams : RHP Raymilson La Arena
|
|
Batting: SHB Jason Pugh
|
0-0: Ball 1-0: Called Strike 1-1: Called Strike 1-2: Strikes out swinging
|
|
Batting: LHB John Blumberg
|
0-0: Ball 1-0: Ball 2-0: SINGLE (Groundball, 4D, EV 109.4 MPH)
|
|
Batting: RHB Takayashi Hori
|
0-0: SINGLE (Groundball, 6MD, EV 109.4 MPH) John Blumberg to second
|
|
Batting: RHB Alex Freyre
|
0-0: Ball 1-0: Fielders Choice at 2nd, 4-6 (Groundball, 4, EV 96.9 MPH) John Blumberg to third
|
|
Batting: RHB Jim Cahan
|
0-0: Ball 1-0: Called Strike 1-1: Ball 2-1: Fly out, F7 (Flyball, 7LD, EV 105.6 MPH)
|
| Bottom of the 2nd over - 0 runs, 2 hits, 0 errors, 2 left on base; Hamilton Ross 0 - Redlands East Valley 0 |
| TOP OF THE 3RD |
|
Hamilton Ross Rams batting - Pitching for Redlands East Valley Wildcats : RHP Dave Trevino
|
|
Batting: RHB Sam Costello
|
0-0: Ball 1-0: Called Strike 1-1: Called Strike 1-2: Strikes out swinging
|
|
Batting: RHB Mark Kerr
|
0-0: Ground out 6-3 (Groundball, 6, EV 93.8 MPH)
|
|
Batting: RHB Giovonni Melis
|
0-0: Called Strike 0-1: TRIPLE (Line Drive, 78XD, EV 98.8 MPH)
|
|
Batting: RHB C.J. Fleet
|
0-0: Called Strike 0-1: Swinging Strike 0-2: Ground out U3 (Groundball, 34S, EV 90.6 MPH)
|
| Top of the 3rd over - 0 runs, 1 hit, 0 errors, 1 left on base; Hamilton Ross 0 - Redlands East Valley 0 |
| BOTTOM OF THE 3RD |
|
Redlands East Valley Wildcats batting - Pitching for Hamilton Ross Rams : RHP Raymilson La Arena
|
|
Batting: RHB Jeremy Evans
|
0-0: Called Strike 0-1: Swinging Strike 0-2: Foul Ball, location: 2F 0-2: Strikes out swinging, 2-3 out at first.
|
|
Batting: LHB Steve Lane
|
0-0: Swinging Strike 0-1: Swinging Strike 0-2: Ball 1-2: Foul Ball, location: 2F 1-2: Ball 2-2: Ground out 4-3 (Groundball, 4MD, EV 98.8 MPH)
|
|
Batting: SHB Jonathan Jacob
|
0-0: Ground out U3 (Groundball, 3, EV 96.2 MPH)
|
| Bottom of the 3rd over - 0 runs, 0 hits, 0 errors, 0 left on base; Hamilton Ross 0 - Redlands East Valley 0 |
| TOP OF THE 4TH |
|
Hamilton Ross Rams batting - Pitching for Redlands East Valley Wildcats : RHP Dave Trevino
|
|
Batting: RHB Burke Miller
|
0-0: Ball 1-0: Swinging Strike 1-1: Ball 2-1: Foul Ball, location: 2F 2-2: Ground out 6-3 (Groundball, 6, EV 83.1 MPH)
|
|
Batting: RHB Chun-hak Ahn
|
0-0: Swinging Strike 0-1: Ball 1-1: Foul Ball, location: 2F 1-2: Foul Ball, location: 2F 1-2: Strikes out swinging
|
|
Batting: LHB Addergoole Kartosuwiryo
|
0-0: Ball 1-0: Ball 2-0: Fly out, F8 (Flyball, 8LD, EV 101.2 MPH)
|
| Top of the 4th over - 0 runs, 0 hits, 0 errors, 0 left on base; Hamilton Ross 0 - Redlands East Valley 0 |
| BOTTOM OF THE 4TH |
|
Redlands East Valley Wildcats batting - Pitching for Hamilton Ross Rams : RHP Raymilson La Arena
|
|
Batting: RHB Justin Thomas
|
0-0: Ball 1-0: Ball 2-0: Called Strike 2-1: Called Strike 2-2: Foul Ball, location: 2F 2-2: Foul Ball, location: 2F 2-2: Ball 3-2: Fly out, F9 (Flyball, 9D, EV 105.6 MPH)
|
|
Batting: SHB Jason Pugh
|
0-0: Ball 1-0: Ball 2-0: Ball 3-0: Called Strike 3-1: Called Strike 3-2: Strikes out looking
|
|
Batting: LHB John Blumberg
|
0-0: Foul Ball, location: 2F 0-1: Swinging Strike 0-2: Fly out, F8 (Line Drive, 8RD, EV 85.0 MPH)
|
| Bottom of the 4th over - 0 runs, 0 hits, 0 errors, 0 left on base; Hamilton Ross 0 - Redlands East Valley 0 |
| TOP OF THE 5TH |
|
Hamilton Ross Rams batting - Pitching for Redlands East Valley Wildcats : RHP Dave Trevino
|
|
Batting: RHB Christian Leschak
|
0-0: Ball 1-0: Called Strike 1-1: Ball 2-1: Foul Ball, location: 2F 2-2: Ball 3-2: SINGLE (Groundball, 56S, EV 80.6 MPH) (infield hit)
|
|
Batting: RHB Drew Morgenstern
|
0-0: Ball 1-0: Called Strike 1-1: Fielders Choice at 2nd, 2-4 (Groundball, 2L, EV 70.0 MPH)
|
|
Batting: RHB Sam Costello
|
0-0: Ground out 5-3 (Groundball, 56S, EV 90.0 MPH) Drew Morgenstern to second
|
|
Batting: RHB Mark Kerr
|
0-0: Called Strike 0-1: Foul Ball, location: 2F 0-2: Foul Ball, location: 2F 0-2: Ball 1-2: Ball 2-2: Ball 3-2: SINGLE (Groundball, 34, EV 103.8 MPH) Drew Morgenstern to third Runner from 3rd tries for Home, SAFE, throw by RF to home
|
|
Batting: RHB Giovonni Melis
|
0-0: Foul Ball, location: 2F 0-1: Ball 1-1: Foul Ball, location: 2F 1-2: Ball 2-2: Fly out, F4 (Line Drive, 4, EV 67.5 MPH)
|
| Top of the 5th over - 1 run, 2 hits, 0 errors, 1 left on base; Hamilton Ross 1 - Redlands East Valley 0 |
| BOTTOM OF THE 5TH |
|
Redlands East Valley Wildcats batting - Pitching for Hamilton Ross Rams : RHP Raymilson La Arena
|
|
Batting: RHB Takayashi Hori
|
0-0: Called Strike 0-1: Ground out 6-3 (Groundball, 6M, EV 88.8 MPH)
|
|
Batting: RHB Alex Freyre
|
0-0: Ball 1-0: Fly out, F7 (Flyball, 7LD, EV 93.8 MPH)
|
|
Batting: RHB Jim Cahan
|
0-0: Called Strike 0-1: Foul Ball, location: 2F 0-2: Foul Ball, location: 2F 0-2: Ball 1-2: Foul Ball, location: 2F 1-2: Ground out 6-3 (Groundball, 6S, EV 68.1 MPH)
|
| Bottom of the 5th over - 0 runs, 0 hits, 0 errors, 0 left on base; Hamilton Ross 1 - Redlands East Valley 0 |
| TOP OF THE 6TH |
|
Hamilton Ross Rams batting - Pitching for Redlands East Valley Wildcats : RHP Dave Trevino
|
|
Batting: RHB C.J. Fleet
|
0-0: Foul Ball, location: 2F 0-1: Foul Ball, location: 2F 0-2: Ball 1-2: Ball 2-2: SINGLE (Groundball, 6S, EV 75.0 MPH) (infield hit)
|
|
Pitching: RHP Lance Greven
|
|
|
Batting: RHB Burke Miller
|
0-0: Called Strike 0-1: Foul Ball, location: 2F 0-2: Ball 1-2: Ball 2-2: Fly out, F8 (Flyball, 8LM, EV 80.0 MPH)
|
|
Batting: RHB Chun-hak Ahn
|
0-0: Ball 1-0: Ball 2-0: Grounds into double play, 6-4-3 (Groundball, 6, EV 101.9 MPH)
|
| Top of the 6th over - 0 runs, 1 hit, 0 errors, 0 left on base; Hamilton Ross 1 - Redlands East Valley 0 |
| BOTTOM OF THE 6TH |
|
Redlands East Valley Wildcats batting - Pitching for Hamilton Ross Rams : RHP Raymilson La Arena
|
|
Batting: RHB Jeremy Evans
|
0-0: Ball 1-0: Called Strike 1-1: Ball 2-1: Called Strike 2-2: Ground out 5-3 (Groundball, 25, EV 90.0 MPH)
|
|
Batting: LHB Steve Lane
|
0-0: Foul Ball, location: 2F 0-1: Ground out 6-3 (Groundball, 56, EV 85.0 MPH)
|
|
Batting: SHB Jonathan Jacob
|
0-0: Ball 1-0: Called Strike 1-1: Called Strike 1-2: Strikes out swinging
|
| Bottom of the 6th over - 0 runs, 0 hits, 0 errors, 0 left on base; Hamilton Ross 1 - Redlands East Valley 0 |
| TOP OF THE 7TH |
|
Hamilton Ross Rams batting - Pitching for Redlands East Valley Wildcats : RHP Lance Greven
|
|
Batting: LHB Addergoole Kartosuwiryo
|
0-0: Called Strike 0-1: Called Strike 0-2: Reached on error, E4 (Groundball, 4, EV 95.6 MPH)
|
|
Batting: RHB Christian Leschak
|
0-0: SINGLE (Flyball, 8LS, EV 94.4 MPH) Addergoole Kartosuwiryo to third
|
|
Batting: RHB Drew Morgenstern
|
0-0: Called Strike 0-1: Ball 1-1: Ball 2-1: Foul Ball, location: 2F 2-2: Foul Ball, location: 2F 2-2: Strikes out looking
|
|
Batting: RHB Sam Costello
|
0-0: Fly out, F8 (Flyball, 89M, EV 90.6 MPH) Runner from 3rd tags up, OUT at HOME! 8-2
|
| Top of the 7th over - 0 runs, 1 hit, 1 error, 1 left on base; Hamilton Ross 1 - Redlands East Valley 0 |
| BOTTOM OF THE 7TH |
|
Redlands East Valley Wildcats batting - Pitching for Hamilton Ross Rams : RHP Raymilson La Arena
|
|
Batting: LHB Jim Snell
|
0-0: Called Strike 0-1: TRIPLE (Flyball, 89XD, EV 110.0 MPH)
|
|
Batting: SHB Jason Pugh
|
0-0: Swinging Strike 0-1: Ball 1-1: Fly out, F7 (Line Drive, 7, EV 88.8 MPH)
|
|
Pitching: LHP Ray Boyd
|
|
|
Batting: LHB John Blumberg
|
0-0: Called Strike 0-1: Fly out, F8 (Flyball, 8RM, EV 89.4 MPH) Runner from 3rd tags up, SCORES, no throw by CF
|
|
Batting: RHB Takayashi Hori
|
0-0: Foul Ball, location: 2F 0-1: Swinging Strike 0-2: Ball 1-2: Strikes out swinging
|
| Bottom of the 7th over - 1 run, 1 hit, 0 errors, 0 left on base; Hamilton Ross 1 - Redlands East Valley 1 |
| TOP OF THE 8TH |
|
Hamilton Ross Rams batting - Pitching for Redlands East Valley Wildcats : RHP Lance Greven
|
|
Pitching: LHP Hahn Patzwahl
|
|
|
Batting: RHB Mark Kerr
|
0-0: Called Strike 0-1: Ball 1-1: Ball 2-1: Called Strike 2-2: Strikes out swinging
|
|
Batting: RHB Giovonni Melis
|
0-0: Ball 1-0: Fly out, F8 (Flyball, 78M, EV 95.0 MPH)
|
|
Batting: RHB C.J. Fleet
|
0-0: Called Strike 0-1: Ground out 6-3 (Groundball, 6, EV 82.5 MPH)
|
| Top of the 8th over - 0 runs, 0 hits, 0 errors, 0 left on base; Hamilton Ross 1 - Redlands East Valley 1 |
| BOTTOM OF THE 8TH |
|
Redlands East Valley Wildcats batting - Pitching for Hamilton Ross Rams : LHP Ray Boyd
|
|
Batting: RHB Alex Freyre
|
0-0: Called Strike 0-1: Ball 1-1: Swinging Strike 1-2: Foul Ball, location: 2F 1-2: Strikes out looking
|
|
Batting: RHB Jim Cahan
|
0-0: Ball 1-0: Ball 2-0: Called Strike 2-1: Foul Ball, location: 2F 2-2: Foul Ball, location: 2F 2-2: Ball 3-2: Base on Balls
|
|
Batting: RHB Jeremy Evans
|
0-0: Called Strike 0-1: Ball 1-1: Foul Ball, location: 2F 1-2: Fly out, F8 (Flyball, 78M, EV 88.1 MPH)
|
|
Batting: LHB Steve Lane
|
0-0: Called Strike 0-1: Swinging Strike 0-2: Foul Ball, location: 2F 0-2: Foul Ball, location: 2F 0-2: Foul Ball, location: 2F 0-2: Fly out, F8 (Flyball, 8LM, EV 83.1 MPH)
|
| Bottom of the 8th over - 0 runs, 0 hits, 0 errors, 1 left on base; Hamilton Ross 1 - Redlands East Valley 1 |
| TOP OF THE 9TH |
|
Hamilton Ross Rams batting - Pitching for Redlands East Valley Wildcats : LHP Hahn Patzwahl
|
|
Pitching: RHP Alex Estrada
|
|
|
Batting: RHB Burke Miller
|
0-0: Swinging Strike 0-1: Foul Ball, location: 2F 0-2: Strikes out swinging
|
|
Pinch Hitting: LHB Jose Lopez
|
0-0: Called Strike 0-1: Ball 1-1: TRIPLE (Flyball, 89XD, EV 103.8 MPH)
|
|
Batting: LHB Addergoole Kartosuwiryo
|
0-0: Intentional Walk
|
|
Pinch Hitting: SHB Steve Bailey
|
0-0: Ball Addergoole Kartosuwiryo steals 2nd base (no throw) 1-0: Intentional Walk
|
|
Batting: RHB Drew Morgenstern
|
0-0: Ball 1-0: Called Strike 1-1: Ball 2-1: DOUBLE (Line Drive, 9LS, EV 95.6 MPH) Jose Lopez scores Addergoole Kartosuwiryo scores Steve Bailey to third
|
|
Batting: RHB Sam Costello
|
0-0: Intentional Walk
|
|
Batting: RHB Mark Kerr
|
0-0: Called Strike 0-1: SINGLE (Groundball, 56, EV 106.9 MPH) Steve Bailey scores Drew Morgenstern to third Sam Costello to second
|
|
Batting: RHB Giovonni Melis
|
0-0: Grounds into fielders choice 6-2 (Groundball, 6MS, EV 89.4 MPH) Sam Costello to third Mark Kerr to second
|
|
Batting: RHB C.J. Fleet
|
0-0: Fly out, F7 (Flyball, 7LS, EV 85.6 MPH)
|
| Top of the 9th over - 3 runs, 3 hits, 0 errors, 3 left on base; Hamilton Ross 4 - Redlands East Valley 1 |
| BOTTOM OF THE 9TH |
|
Redlands East Valley Wildcats batting - Pitching for Hamilton Ross Rams : LHP Ray Boyd
|
|
Pitching: RHP Huai-yi Ji
|
|
|
Now at C: Anderson Shumate
|
|
|
Now at 1B: Steve Bailey
|
|
|
Now in LF: Jose Lopez
|
|
|
Batting: SHB Jonathan Jacob
|
0-0: Called Strike 0-1: Ball 1-1: Ground out 4-3 (Groundball, 4, EV 80.0 MPH)
|
|
Batting: LHB Jim Snell
|
0-0: Ball 1-0: Foul Ball, location: 2F 1-1: Called Strike 1-2: Ball 2-2: Ball 3-2: Foul Ball, location: 2F 3-2: SINGLE (Line Drive, 9S, EV 111.9 MPH)
|
|
Batting: SHB Jason Pugh
|
0-0: Foul Ball, location: 2F 0-1: Ball 1-1: Fly out, F8 (Flyball, 8LM, EV 94.4 MPH)
|
|
Batting: LHB John Blumberg
|
0-0: Ball 1-0: Foul Ball, location: 2F 1-1: Foul Ball, location: 2F 1-2: Foul Ball, location: 2F 1-2: Strikes out swinging
|
| Bottom of the 9th over - 0 runs, 1 hit, 0 errors, 1 left on base; Hamilton Ross 4 - Redlands East Valley 1 |
|